3L
SEATTLE ROCKETEERS @ PANAMA CITY PIRANHAS
07/20/2039
 
TOP OF THE 1ST
Seattle Rocketeers batting - Pitching for Panama City Piranhas : RHP Masahiro Sakei
Pitching: RHP Masahiro Sakei
Batting: SHB Lodd Felton 0-0: Foul Ball, location: 2F
0-1: Ball
1-1: Ball
2-1: DOUBLE (Flyball, 9LD, EV 106.2 MPH)
Batting: RHB Meester Gobbles-Rooster 0-0: Ball
1-0: Ball
2-0: Fly out, F3 (Popup, 3SF, EV 68.8 MPH)
Batting: RHB Alain Grosjean 0-0: Called Strike
Lodd Felton steals 3rd base
0-1: Ball
1-1: Foul Ball, location: 2F
1-2: Strikes out swinging
Batting: SHB Glyn Bolasky 0-0: Called Strike
0-1: Foul Ball, location: 2F
0-2: Foul Ball, location: 2F
0-2: Fly out, F9 (Flyball, 9D, EV 108.8 MPH)
Top of the 1st over - 0 runs, 1 hit, 0 errors, 1 left on base; Seattle 0 - Panama City 0
BOTTOM OF THE 1ST
Panama City Piranhas batting - Pitching for Seattle Rocketeers : LHP Marcos Tejedor
Pitching: LHP Marcos Tejedor
Batting: RHB Silvio Bonauiti 0-0: Foul Ball, location: 2F
0-1: Swinging Strike
0-2: Ball
1-2: Ball
2-2: Ball
3-2: SINGLE (Flyball, 9LS, EV 83.8 MPH)
Batting: RHB Kieran Hansen 0-0: Ball
1-0: Ground out 5-3 (Groundball, 56S, EV 65.6 MPH)
Silvio Bonauiti to second
Batting: RHB António Mendoza 0-0: Called Strike
0-1: Ball
1-1: Ball
2-1: Swinging Strike
2-2: Ball
3-2: Base on Balls
Batting: SHB Ben Boston 0-0: Called Strike
0-1: Ball
Silvio Bonauiti steals 3rd base
António Mendoza to second
1-1: Ball
2-1: Ball
3-1: Ground out 6-3 (Groundball, 6, EV 108.8 MPH)
Silvio Bonauiti scores
Batting: LHB José Ocasio 0-0: Ball
1-0: Ball
2-0: Ground out 1-3 (Groundball, 13S, EV 72.5 MPH)
Bottom of the 1st over - 1 run, 1 hit, 0 errors, 1 left on base; Seattle 0 - Panama City 1
TOP OF THE 2ND
Seattle Rocketeers batting - Pitching for Panama City Piranhas : RHP Masahiro Sakei
Batting: RHB Claudio Tappen 0-0: Fly out, F6 (Popup, 4M, EV 56.2 MPH)
Batting: SHB Charles Geudre 0-0: Swinging Strike
0-1: SINGLE (Groundball, 4D, EV 95.0 MPH)
Batting: RHB Jurgen Flurgenburgen 0-0: Swinging Strike
0-1: Swinging Strike
0-2: Ball
1-2: Foul Ball, location: 2F
1-2: Ball
2-2: Strikes out swinging
Batting: SHB Obke Preesman 0-0: Ball
1-0: Swinging Strike
1-1: Swinging Strike
1-2: Strikes out swinging
Top of the 2nd over - 0 runs, 1 hit, 0 errors, 1 left on base; Seattle 0 - Panama City 1
BOTTOM OF THE 2ND
Panama City Piranhas batting - Pitching for Seattle Rocketeers : LHP Marcos Tejedor
Batting: RHB Craig Tricket 0-0: Called Strike
0-1: Ground out 5-3 (Groundball, 56, EV 99.4 MPH)
Batting: RHB Chrysler Rodriguez 0-0: Ball
1-0: Called Strike
1-1: Called Strike
1-2: Ball
2-2: Foul Ball, location: 2F
2-2: Ball
3-2: Base on Balls
Batting: RHB Brant Thigpen 0-0: Called Strike
0-1: Foul Ball, location: 2F
0-2: Grounds into double play, 4-6-3 (Groundball, 4MS, EV 93.1 MPH)
Bottom of the 2nd over - 0 runs, 0 hits, 0 errors, 0 left on base; Seattle 0 - Panama City 1
TOP OF THE 3RD
Seattle Rocketeers batting - Pitching for Panama City Piranhas : RHP Masahiro Sakei
Batting: SHB Joam Francia 0-0: Called Strike
0-1: Ball
1-1: Swinging Strike
1-2: Strikes out looking
Batting: SHB Lodd Felton 0-0: Ball
1-0: Foul Ball, location: 2F
1-1: Called Strike
1-2: Fly out, F8 (Flyball, 8LD, EV 100.0 MPH)
Batting: RHB Meester Gobbles-Rooster 0-0: Foul Ball, location: 2F
0-1: Ball
1-1: Ball
2-1: Fly out, F9 (Flyball, 9, EV 95.6 MPH)
Top of the 3rd over - 0 runs, 0 hits, 0 errors, 0 left on base; Seattle 0 - Panama City 1
BOTTOM OF THE 3RD
Panama City Piranhas batting - Pitching for Seattle Rocketeers : LHP Marcos Tejedor
Batting: RHB Bruno Williams 0-0: Called Strike
0-1: Called Strike
0-2: Ball
1-2: Strikes out looking
Batting: RHB Silvio Bonauiti 0-0: Ball
1-0: Ball
2-0: Ball
3-0: Base on Balls
Batting: RHB Kieran Hansen 0-0: Ball
1-0: Fly out, F7 (Flyball, 7D, EV 83.8 MPH)
Batting: RHB António Mendoza 0-0: Called Strike
0-1: Ball
1-1: Ball
2-1: Called Strike
2-2: Fly out, F8 (Flyball, 78M, EV 83.1 MPH)
Bottom of the 3rd over - 0 runs, 0 hits, 0 errors, 1 left on base; Seattle 0 - Panama City 1
TOP OF THE 4TH
Seattle Rocketeers batting - Pitching for Panama City Piranhas : RHP Masahiro Sakei
Batting: RHB Alain Grosjean 0-0: Fly out, F8 (Flyball, 8RS, EV 86.2 MPH)
Batting: SHB Glyn Bolasky 0-0: SINGLE (Groundball, 34D, EV 95.6 MPH)
Batting: RHB Claudio Tappen 0-0: Called Strike
0-1: Ball
1-1: Ball
2-1: Ball
3-1: Foul Ball, location: 2F
3-2: Foul Ball, location: 2F
3-2: Foul Ball, location: 2F
3-2: Fielders Choice at 2nd, 5-4 (Groundball, 5, EV 86.9 MPH)
Batting: SHB Charles Geudre 0-0: Ball
1-0: Swinging Strike
1-1: Ground out U3 (Groundball, 3L, EV 85.6 MPH)
Top of the 4th over - 0 runs, 1 hit, 0 errors, 1 left on base; Seattle 0 - Panama City 1
BOTTOM OF THE 4TH
Panama City Piranhas batting - Pitching for Seattle Rocketeers : LHP Marcos Tejedor
Batting: SHB Ben Boston 0-0: Ball
1-0: Ball
2-0: Called Strike
2-1: Foul Ball, location: 2F
2-2: SINGLE (Line Drive, 4D, EV 96.2 MPH)
Batting: LHB José Ocasio 0-0: Ball
1-0: Ball
2-0: Foul Ball, location: 2F
2-1: Grounds into double play, 4-6-3 (Groundball, 4, EV 78.1 MPH)
Batting: RHB Craig Tricket 0-0: Ball
1-0: SINGLE (Groundball, 6MD, EV 97.5 MPH)
Batting: RHB Chrysler Rodriguez 0-0: Swinging Strike
0-1: Ball
1-1: Ball
2-1: Ball
3-1: Called Strike
3-2: Foul Ball, location: 2F
3-2: Base on Balls
Craig Tricket to second
Batting: RHB Brant Thigpen 0-0: Foul Ball, location: 2F
0-1: Called Strike
0-2: Foul Ball, location: 2F
0-2: Foul Ball, location: 2F
0-2: Ball
1-2: Ball
2-2: Fly out, F8 (Flyball, 8LM, EV 80.6 MPH)
Bottom of the 4th over - 0 runs, 2 hits, 0 errors, 2 left on base; Seattle 0 - Panama City 1
TOP OF THE 5TH
Seattle Rocketeers batting - Pitching for Panama City Piranhas : RHP Masahiro Sakei
Batting: RHB Jurgen Flurgenburgen 0-0: Ball
1-0: Ball
2-0: TRIPLE (Flyball, 78XD, EV 90.0 MPH)
Batting: SHB Obke Preesman 0-0: Ball
1-0: Ball
2-0: Ground out 3-1 (Groundball, 34, EV 103.1 MPH)
Jurgen Flurgenburgen scores
Batting: SHB Joam Francia 0-0: Ball
1-0: Ball
2-0: Ball
3-0: Base on Balls
Batting: SHB Lodd Felton 0-0: Swinging Strike
0-1: Ball
1-1: Ball
2-1: Foul Ball, location: 2F
2-2: Foul Ball, location: 2F
2-2: Ball
3-2: Foul Ball, location: 2F
3-2: Foul Ball, location: 2F
3-2: SINGLE (Groundball, 34D, EV 105.6 MPH)
Joam Francia to second
Runner from 2nd tries for 3rd, SAFE, throw by RF made to third
Pinch Runner at 3rd Rafael Barrueco:
Batting: RHB Meester Gobbles-Rooster 0-0: Called Strike
0-1: Fly out, F9 (Flyball, 9S, EV 93.8 MPH)
Batting: RHB Alain Grosjean 0-0: Ball
1-0: Called Strike
1-1: Ball
2-1: DOUBLE (Flyball, 8RXD, EV 94.4 MPH)
Rafael Barrueco scores
Lodd Felton to third
Runner from 3rd tries for Home, SAFE, no throw by CF
Batting: SHB Glyn Bolasky 0-0: Ball
1-0: Fly out, F9 (Flyball, 89XD, EV 85.6 MPH)
Top of the 5th over - 3 runs, 3 hits, 0 errors, 1 left on base; Seattle 3 - Panama City 1
BOTTOM OF THE 5TH
Panama City Piranhas batting - Pitching for Seattle Rocketeers : LHP Marcos Tejedor
Now at C: Bastiaan Pieterse
Batting: RHB Bruno Williams 0-0: Ball
1-0: Ground out 4-3 (Groundball, 4, EV 81.2 MPH)
Batting: RHB Silvio Bonauiti 0-0: Ball
1-0: Ball
2-0: Swinging Strike
2-1: Foul Ball, location: 2F
2-2: Ball
3-2: Strikes out swinging
Batting: RHB Kieran Hansen 0-0: Swinging Strike
0-1: Ball
1-1: Swinging Strike
1-2: Ground out 5-3 (Groundball, 5, EV 80.6 MPH)
Bottom of the 5th over - 0 runs, 0 hits, 0 errors, 0 left on base; Seattle 3 - Panama City 1
TOP OF THE 6TH
Seattle Rocketeers batting - Pitching for Panama City Piranhas : RHP Masahiro Sakei
Batting: RHB Claudio Tappen 0-0: Ball
1-0: DOUBLE (Line Drive, 89D, EV 105.6 MPH)
Pinch Runner at 2nd Juan Gutiérrez:
Batting: SHB Charles Geudre 0-0: Foul Ball, location: 2F
0-1: Ball
1-1: Ball
2-1: Fly out, F2 (Popup, 23F, EV 89.4 MPH)
Batting: RHB Jurgen Flurgenburgen 0-0: Ball
1-0: Called Strike
1-1: Ball
2-1: Fly out, F9 (Flyball, 9LMF, EV 98.1 MPH)
Batting: SHB Obke Preesman 0-0: Ball
1-0: SINGLE (Line Drive, 4MD, EV 97.5 MPH)
Juan Gutiérrez to third
Runner from 3rd tries for Home, throw by CF and OUT! 8-2
Top of the 6th over - 0 runs, 2 hits, 0 errors, 1 left on base; Seattle 3 - Panama City 1
BOTTOM OF THE 6TH
Panama City Piranhas batting - Pitching for Seattle Rocketeers : LHP Marcos Tejedor
Now in LF: Juan Gutiérrez
Batting: RHB António Mendoza 0-0: Called Strike
0-1: Ball
1-1: Ground out 4-3 (Groundball, 4, EV 101.2 MPH)
Batting: SHB Ben Boston 0-0: Fly out, F2 (Popup, 2RF, EV 81.9 MPH)
Batting: LHB José Ocasio 0-0: Swinging Strike
0-1: Called Strike
0-2: Foul Ball, location: 2F
0-2: Ball
1-2: Foul Ball, location: 2F
1-2: Ball
2-2: Ball
3-2: SINGLE (Groundball, 15S, EV 65.0 MPH) (infield hit)
Pitching: RHP Okura Yamasaki
Batting: RHB Craig Tricket 0-0: Called Strike
0-1: SINGLE (Groundball, 6D, EV 104.4 MPH)
José Ocasio to second
Batting: RHB Chrysler Rodriguez 0-0: Ball
1-0: Ball
2-0: Called Strike
2-1: SINGLE (Flyball, 89S, EV 92.5 MPH)
José Ocasio to third
Craig Tricket to second
Batting: RHB Brant Thigpen 0-0: Ball
1-0: Called Strike
1-1: Swinging Strike
1-2: Strikes out looking
Bottom of the 6th over - 0 runs, 3 hits, 0 errors, 3 left on base; Seattle 3 - Panama City 1
TOP OF THE 7TH
Seattle Rocketeers batting - Pitching for Panama City Piranhas : RHP Masahiro Sakei
Batting: RHB Bastiaan Pieterse 0-0: Ball
1-0: Ball
2-0: Fly out, F7 (Flyball, 7D, EV 98.8 MPH)
Batting: SHB Lodd Felton 0-0: Ball
1-0: Called Strike
1-1: Fly out, F7 (Line Drive, 7, EV 95.0 MPH)
Batting: RHB Meester Gobbles-Rooster 0-0: Ground out 5-3 (Groundball, 5S, EV 67.5 MPH)
Top of the 7th over - 0 runs, 0 hits, 0 errors, 0 left on base; Seattle 3 - Panama City 1
BOTTOM OF THE 7TH
Panama City Piranhas batting - Pitching for Seattle Rocketeers : RHP Okura Yamasaki
Batting: RHB Bruno Williams 0-0: Ball
1-0: Ball
2-0: Swinging Strike
2-1: Called Strike
2-2: Strikes out swinging
Batting: RHB Silvio Bonauiti 0-0: Foul Ball, location: 2F
0-1: Foul Ball, location: 2F
0-2: Ball
1-2: Foul Ball, location: 2F
1-2: Ball
2-2: Fly out, F3 (Popup, 3SF, EV 78.1 MPH)
Batting: RHB Kieran Hansen 0-0: Ball
1-0: Fly out, F3 (Line Drive, 3, EV 68.8 MPH)
Bottom of the 7th over - 0 runs, 0 hits, 0 errors, 0 left on base; Seattle 3 - Panama City 1
TOP OF THE 8TH
Seattle Rocketeers batting - Pitching for Panama City Piranhas : RHP Masahiro Sakei
Batting: RHB Alain Grosjean 0-0: Ground out 5-3 (Groundball, 56, EV 86.9 MPH)
Pitching: RHP Tobías Pérez
Batting: SHB Glyn Bolasky 0-0: Called Strike
0-1: Foul Ball, location: 2F
0-2: Fly out, F5 (Popup, 56S, EV 76.9 MPH)
Batting: LHB Juan Gutiérrez 0-0: Ground out 4-3 (Groundball, 4, EV 78.1 MPH)
Top of the 8th over - 0 runs, 0 hits, 0 errors, 0 left on base; Seattle 3 - Panama City 1
BOTTOM OF THE 8TH
Panama City Piranhas batting - Pitching for Seattle Rocketeers : RHP Okura Yamasaki
Batting: RHB António Mendoza 0-0: Called Strike
0-1: Foul Ball, location: 2F
0-2: Foul Ball, location: 2F
0-2: Ball
1-2: Ball
2-2: Foul Ball, location: 2F
2-2: Foul Ball, location: 2F
2-2: Foul Ball, location: 2F
2-2: Foul Ball, location: 2F
2-2: Ground out 6-3 (Groundball, 6, EV 84.4 MPH)
Batting: SHB Ben Boston 0-0: Ball
1-0: Swinging Strike
1-1: Ball
2-1: Foul Ball, location: 2F
2-2: Ball
3-2: Foul Ball, location: 2F
3-2: Base on Balls
Pitching: RHP Suhaila Zainuddin
Batting: LHB José Ocasio 0-0: Called Strike
0-1: Swinging Strike
0-2: Ball
1-2: Ball
2-2: Ball
3-2: Base on Balls
Ben Boston to second
Pinch Hitting: SHB Tom Dickinson 0-0: DOUBLE (Line Drive, 9LM, EV 104.4 MPH)
Ben Boston scores
José Ocasio to third
Batting: RHB Chrysler Rodriguez 0-0: Ball
1-0: Reached on error, E7 (Flyball, 7S, EV 86.9 MPH)
José Ocasio scores
Tom Dickinson to third
Batting: RHB Brant Thigpen 0-0: Ball
1-0: Ball
2-0: Called Strike
2-1: Fly out, F7 (Flyball, 7LS, EV 91.2 MPH)
Batting: RHB Bruno Williams 0-0: SINGLE (Line Drive, 56, EV 100.6 MPH)
Tom Dickinson scores
Chrysler Rodriguez to second
Runner from 2nd tries for 3rd, SAFE, throw by LF made to third
Batting: RHB Silvio Bonauiti 0-0: Called Strike
0-1: Ball
1-1: Ball
2-1: Foul Ball, location: 2F
2-2: Foul Ball, location: 2F
2-2: Strikes out swinging
Bottom of the 8th over - 3 runs, 2 hits, 1 error, 2 left on base; Seattle 3 - Panama City 4
TOP OF THE 9TH
Seattle Rocketeers batting - Pitching for Panama City Piranhas : RHP Tobías Pérez
Pitching: LHP Joe Khokar
Now at 3B: António González
Pinch Hitting: RHB Bogumil Tiwontschik 0-0: Called Strike
0-1: Ground out 6-3 (Groundball, 6, EV 83.1 MPH)
Batting: RHB Jurgen Flurgenburgen 0-0: Ball
1-0: Called Strike
1-1: Ground out 1-3 (Groundball, 15S, EV 63.1 MPH)
Batting: SHB Obke Preesman 0-0: Ball
1-0: Ball
2-0: Ball
3-0: Base on Balls
Batting: RHB Bastiaan Pieterse 0-0: Called Strike
0-1: Ball
1-1: Called Strike
1-2: Hit by Pitch
Obke Preesman to second
Batting: SHB Lodd Felton 0-0: Ball
1-0: Ball
2-0: Foul Ball, location: 2F
2-1: Swinging Strike
2-2: Foul Ball, location: 2F
2-2: Fielders Choice at 2nd, 5-4 (Groundball, 56, EV 85.6 MPH)
Top of the 9th over - 0 runs, 0 hits, 0 errors, 2 left on base; Seattle 3 - Panama City 4
Wednesday, July 8th, 2020 - OOTP Baseball 20.8 Build 74